 Dungeon Crawl Stone Soup version 0.27.1-1-g398f81649c (webtiles) character file.

Game seed: 907141855802837927

176319 Metae the Warrior (level 17, -2/162 HPs)
             Began as a Minotaur Fighter on Sept 7, 2021.
             Was the Champion of the Shining One.
             Killed by an exploding bloated husk (24 damage)
             ... on level 1 of the Swamp.
             The game lasted 03:06:15 (35109 turns).

Metae the Warrior (Minotaur Fighter)               Turns: 35109, Time: 03:06:15

Health: -2/162     AC: 30    Str: 28    XL:     17   Next: 23%
Magic:  24/24      EV: 10    Int:  5    God:    the Shining One [******]
Gold:   1613       SH: 14    Dex: 10    Spells: 16/16 levels left

rFire    + . .     SeeInvis .   z - +9 lance "Wyrmbane" {slay drac, rPois rF+ rC+ AC+3}
rCold    + + .     Faith    .   g - +3 warlock's mirror {reflect}
rNeg     + + +     Spirit   .   P - +2 plate armour {rC+}
rPois    +         Reflect  +   (helmet restricted)
rElec    .         Harm     .   J - +0 cloak {Stlth+}
rCorr    .         Rampage  +   G - +2 pair of gloves
Will     +....                  e - +2 pair of boots {rampage}
Stlth    ..........             f - amulet of reflection
HPRegen  0.37/turn              n - +4 ring of slaying
MPRegen  0.19/turn              l - ring of flight

@: mighty, flying, glowing, studying Throwing
A: horns 2, retaliatory headbutt
}: 1/15 runes: gossamer
a: Renounce Religion, Divine Shield, Cleansing Flame, Summon Divine Warrior,
Brand Weapon With Holy Wrath


You were on level 1 of the Swamp.
You worshipped the Shining One.
The Shining One was exalted by your worship.
You visited 6 branches of the dungeon, and saw 28 of its levels.
You also visited: Sewer.

You collected 4566 gold pieces.
You spent 2953 gold pieces at shops.

Inventory:

Hand Weapons
 a - the +6 spear "Erghuahu" {vorpal, Stlth+}
   (You found it on level 4 of the Dungeon)

   It inflicts extra damage upon your enemies.
   Stlth:     It makes you more stealthy.
 z - the +9 lance "Wyrmbane" (weapon) {slay drac, rPois rF+ rC+ AC+3}
   (You bought it in a shop on level 2 of the Orcish Mines)

   It inflicts extra damage against dragons and draconians.
   AC:        It affects your AC (+3).
   rF:        It protects you from fire.
   rC:        It protects you from cold.
   rPois:     It protects you from poison.
Missiles
 j - a throwing net
Armour
 e - a +2 pair of boots of rampaging (worn)
 g - the +3 warlock's mirror (worn) {reflect}
   (You acquired it on level 8 of the Dungeon)

   It can block and reflect piercing ranged attacks and magical attacks against
   the wielder's willpower.
 G - a +2 pair of gloves (worn)
 H - a +2 ring mail of poison resistance
 J - a +0 cloak of stealth (worn)
 P - a +2 plate armour of cold resistance (worn)
Jewellery
 c - an amulet of faith
 f - an amulet of reflection (around neck)
 k - a +4 ring of evasion
 l - a ring of flight (right hand)
 n - a +4 ring of slaying (left hand)
 F - a +6 ring of intelligence
 U - a +6 ring of strength
Wands
 d - a wand of paralysis (10)
 p - a wand of polymorph (20)
 y - a wand of flame (8)
 I - a wand of digging (12)
 R - a wand of mindburst (20)
 X - a wand of charming (19)
 Y - a wand of iceblast (25)
 Z - a wand of acid (27)
Scrolls
 i - 2 scrolls of magic mapping
 r - 4 scrolls of identify
 s - 2 scrolls of silence
 v - 5 scrolls of vulnerability
 w - 3 scrolls of teleportation
 C - a scroll of enchant armour
 D - a scroll of brand weapon
 E - 4 scrolls of enchant weapon
 O - 4 scrolls of immolation
 Q - 7 scrolls of fog
 S - 5 scrolls of amnesia
 T - a scroll of fear
 V - 3 scrolls of holy word
Potions
 h - 4 potions of haste
 t - 7 potions of attraction
 u - 5 potions of flight
 x - 2 potions of brilliance
 B - 3 potions of mutation
 K - 3 potions of cancellation
 L - 2 potions of invisibility
 M - 5 potions of berserk rage
 N - 8 potions of ambrosia
 W - a potion of lignification
Miscellaneous
 b - a lightning rod (4/4)
 A - a phantom mirror


   Skills:
 + Level 17.5 Fighting
 - Level 3.7 Maces & Flails
 - Level 15.7 Polearms
 - Level 7.8 Crossbows
 - Level 14.5 Armour
 * Level 8.4 Dodging
 - Level 11.0 Shields
 - Level 11.1 Invocations
 + Level 11.4 Evocations


You had 16 spell levels left.
You didn't know any spells.
Your spell library contained the following spells:

 Spells                   Type           Power      Damage    Failure   Level
 Foxfire                  Conj/Fire      0%         2x1d4     97%         1
 Magic Dart               Conj           0%         1d3       97%         1
 Shock                    Conj/Air       0%         1d3       97%         1
 Call Imp                 Summ           0%         N/A       99%         2
 Searing Ray              Conj           0%         3d3       99%         2
 Slow                     Hex            0%         N/A       99%         2
 Confusing Touch          Hex            0%         N/A       100%        3
 Conjure Flame            Conj/Fire      0%         6-21      100%        3
 Dazzling Flash           Conj/Hex       0%         N/A       100%        3
 Frozen Ramparts          Ice            0%         1d2       100%        3
 Inner Flame              Hex/Fire       0%         N/A       100%        3
 Mephitic Cloud           Conj/Pois/Air  0%         N/A       100%        3
 Ozocubu's Armour         Ice            0%         N/A       100%        3
 Swiftness                Air            0%         N/A       100%        3
 Airstrike                Air            0%         N/A       100%        4
 Fulminant Prism          Conj/Hex       0%         3d6       100%        4
 Ice Form                 Ice/Tmut       0%         N/A       100%        4
 Leda's Liquefaction      Hex/Erth       0%         N/A       100%        4
 Summon Ice Beast         Ice/Summ       0%         N/A       100%        4
 Metabolic Englaciation   Hex/Ice        0%         N/A       100%        5
 Summon Forest            Summ/Tloc      0%         N/A       100%        5
 Summon Mana Viper        Hex/Summ       0%         N/A       100%        5
 Yara's Violent Unravell  Hex/Tmut       0%         3d3       100%        5
 Shadow Creatures         Summ           N/A        N/A       100%        6
 Simulacrum               Ice/Necr       0%         N/A       100%        6


Dungeon Overview and Level Annotations

Branches:
Dungeon (14/15)            Temple (1/1) D:5            Lair (6/6) D:9
  Swamp (1/4) Lair:2       Spider (4/4) Lair:3        Slime (0/5) Lair:6
    Orc (2/2) D:12            Elf (0/3) Orc:2        Vaults (0/5) D:13
  Sewer (visited)

Altars:
Ashenzari
Cheibriados
Dithmenos
Elyvilon
Fedhas
Gozag
Hepliaklqana
Kikubaaqudgha
Makhleb
Nemelex Xobeh
Okawaru
Qazlal
Ru
Sif Muna
Trog
Uskayaw
Vehumet
Wu Jian
Xom
Yredelemnul
Zin
The Shining One
Lugonu

Shops:
D:2 :   D:8 ??[:[   D:9 [(:   Orc:2 *!:(?

Portals:
Abyss: Lair:6
Ice
Cave: Swamp:1

Annotations:
Spider:4 Roxanne


Innate Abilities, Weirdness & Mutations

You have a pair of horns on your head.
You reflexively headbutt those who attack you in melee.


Message History

Your surroundings suddenly seem different.
A swamp dragon and a bog body come into view.
Found 16 arrows and 15 gold pieces.
The swamp dragon breathes poison at you.
The bog body points at you and mumbles some strange words.
The bolt of cold hits you. You resist.
* * * LOW HITPOINT WARNING * * *
The bog body gestures at you while chanting.
Your +3 warlock's mirror {reflect} reflects the Slow!
The bog body resists with some effort.
You block the bog body's attack.
The swamp dragon breathes poison at you.
The blast of poison engulfs the bog body.
The bog body completely resists.
You hear the crackling of a distant melting archway.
The bog body casts a spell at you. The bolt of cold hits you. You resist.
* * * LOW HITPOINT WARNING * * *
The bog body points at you and mumbles some strange words.
Your +3 warlock's mirror {reflect} reflects the bolt of cold!
The bolt of cold hits the bog body!
The bog body resists.
You rampage towards the bog body!
Your divine halo glows too radiantly to become invisible.
As you read the scroll of teleportation, it crumbles to dust.
You feel strangely unstable.
The bog body touches you but does no damage.
Unknown command.
The swamp dragon closely misses you.
The swamp dragon claws you but does no damage.
The swamp dragon tramples you.
* * * LOW HITPOINT WARNING * * *
You are shoved backwards!
The swamp dragon is sucked into a shaft!
The shaft crumbles and collapses.
Your surroundings suddenly seem different. 4 bloated husks come into view.
Found eight items.
The bloated husk explodes!
The blast of putrescent gases engulfs you!!
You die...

*****,,,,,*** **^*.≈....≈♣≈♣♣
*,≈,...≈......♣ **,*.......≈≈.♣
**,*,...≈......♣ *,≈≈*≈....n.†.≈*
**,**♣...†.n..♣* *≈≈≈,≈.....≈..♣
**,,,,,♣..≈≈@.♣* **,≈.....≈≈≈..♣*
** ********,..≈..≈≈.†.≈♣* **≈
*,,,≈,,,,.≈..††≈..≈.≈♣ ****,≈
≈,,,,,,,≈≈≈≈.†..†...≈♣** **,≈,,≈
*,,≈,,,,≈≈≈..n.†..♣..♣,** *≈≈≈≈≈≈
*,,*,≈,,≈≈≈(..!..♣≈.≈.,≈* *,≈≈≈≈≈
******≈,,(≈.≈≈..♣....♣.♣♣♣♣♣,P≈≈≈
**** **≈,,≈≈≈≈,,≈,,***♣♣≈PP♣♣P..,


You could see 3 bloated husks.

Vanquished Creatures
  Gastronok (Lair:2)
  Kirke (Spider:3)
  2 ghost moths (Spider:4)
  6 emperor scorpions (Spider:4)
  A spark wasp (Spider:3)
  2 entropy weavers
  Josephine (Swamp:1)
  9 hydras
  5 vault guards (D:13)
  Harold (D:7)
  An ogre mage (D:13)
  7 boulder beetles
  A death knight (D:13)
  Erolcha (D:11)
  A catoblepas (Lair:6)
  4 centaur warriors
  The ghost of ABBCCCDDDD the Cleaver, a journeyman OpAK of Lugonu (Lair:3)
  The ghost of Haraddelas the Transmogrifier, a journeyman OpTm of Okawaru (Lair:2)
  A two-headed ogre (D:10)
  2 death yaks (Lair:5)
  2 tengu warriors
  3 thrashing horrors (Lair:6)
  An orc high priest (Orc:2)
  Sonja (Lair:4)
  A skeletal warrior (D:13)
  A fire crab (Lair:3)
  A goliath frog (Swamp:1)
  2 swamp dragons (Swamp:1)
  3 bog bodies (Lair:2)
  A spriggan druid (Swamp:1)
  Pikel (D:7)
  A phantasmal warrior (D:13)
  A lindwurm (shapeshifter) (D:13)
  21 wolf spiders
  4 orc sorcerers (Orc:2)
  A deep elf pyromancer (D:14)
  A harpy (shapeshifter) (Lair:6)
  2 cyclopes
  13 orb spiders
  A will-o-the-wisp (Swamp:1)
  13 ugly things
  2 manticores
  5 black mambas
  Maurice (D:13)
  18 elephants
  2 moths of wrath
  2 molten gargoyles (Lair:5)
  3 gargoyles
  2 smoke demons (Lair:6)
  8 torpor snails
  An unseen horror (D:10)
  Maggie (D:7)
  8 komodo dragons
  The ghost of MeltyBlood the Conjurer, a novice DsWz (D:5)
  15 cane toads
  3 demonic crawlers
  An efreet (D:12)
  A freezing wraith (D:13)
  2 kobold demonologists
  5 rime drakes
  2 tengu conjurers (D:13)
  11 hornets
  2 ancient zymes (Lair:6)
  2 trolls
  37 jumping spiders
  6 polar bears
  A tyrant leech (Swamp:1)
  18 blink frogs
  4 slime creatures (D:12)
  7 dream sheep
  Prince Ribbit (D:8)
  12 spriggans
  A ynoxinul (Lair:6)
  79 redbacks
  A shadow (D:12)
  41 tarantellas
  11 small abominations (Lair:6)
  40 yaks
  2 large abominations (Lair:6)
  10 wraiths
  6 wyverns
  7 basilisks
  3 chaos spawn (Lair:6)
  6 hogs (Spider:3)
  2 humans (D:13)
  7 vampire mosquitoes
  4 swamp worms
  3 acid dragons
  17 water moccasins
  A warg (Orc:2)
  A swamp drake (Swamp:1)
  2 ice beasts
  2 sky beasts
  5 necrophages (D:7)
  12 orc warriors
  A hornet zombie (D:7)
  13 centaurs
  6 ogres
  19 wolves
  2 phantoms (D:12)
  A lemure (D:7)
  4 kobold brigands
  17 bullfrogs
  5 scorpions
  2 troll zombies (D:12)
  A water moccasin skeleton (D:5)
  3 killer bees (D:10)
  11 electric eels
  9 wights
  3 howler monkeys (D:12)
  5 lava snakes (Lair:5)
  2 bullfrog zombies (D:7)
  3 centaur zombies
  4 hounds
  13 jellies
  14 orc priests
  A bullfrog skeleton (D:6)
  3 centaur skeletons (D:6)
  An iguana (D:5)
  Terence (D:2)
  35 orc wizards
  2 killer bee zombies (D:7)
  4 ogre zombies (D:12)
  2 centaur simulacra (D:10)
  A howler monkey zombie (D:9)
  A mummy (D:7)
  5 gnolls
  13 adders
  3 white imps
  An adder skeleton (D:5)
  6 worms
  A dart slug (D:3)
  46 orcs
  21 endoplasms
  21 giant cockroaches
  10 hobgoblins
  7 jackals
  21 kobolds
  10 quokkas
  20 ball pythons
  4 bats
  19 frilled lizards
  4 goblins
  2 goblin skeletons (D:12)
  A goblin zombie (D:12)
  2 hobgoblin zombies (D:12)
  An orc skeleton (D:12)
  13 orc zombies (D:12)
  13 rats
  A briar patch (Swamp:1)
1005 creatures vanquished.

Vanquished Creatures (collateral kills)
  An orc sorcerer (Orc:2)
  An orc priest (Orc:2)
  An orc wizard (Orc:2)
3 creatures vanquished.

Vanquished Creatures (others)
  An orb spider (Spider:2)
  A manticore (D:11)
  A bloated husk (Swamp:1)
  An orc priest (Orc:2)
  2 orc wizards (Orc:2)
  A briar patch (Swamp:1)
  10 foxfires (Swamp:1)
  39 fungi
  57 plants
113 creatures vanquished.

Grand Total: 1121 creatures vanquished

Notes
Turn   | Place    | Note
-------+----------+-------------------------------------------
     0 | D:1      | Metae the Minotaur Fighter began the quest for the Orb.
     0 | D:1      | Reached XP level 1. HP: 19/19 MP: 0/0
     1 | D:1      | Found a runed translucent door.
    34 | D:1      | Reached XP level 2. HP: 18/27 MP: 1/1
    41 | D:1      | Reached skill level 4 in Fighting
   430 | D:1      | Found a faded altar of an unknown god.
   448 | D:1      | Reached XP level 3. HP: 33/33 MP: 2/2
   938 | D:2      | Found Cubbaja's Book Boutique.
  1101 | D:2      | Noticed Terence
  1121 | D:2      | Killed Terence
  1122 | D:2      | Reached XP level 4. HP: 35/41 MP: 3/3
  1670 | D:3      | Reached skill level 5 in Fighting
  1670 | D:3      | Reached skill level 5 in Armour
  1670 | D:3      | Reached XP level 5. HP: 44/48 MP: 4/4
  2550 | D:4      | Found a basalt altar of Yredelemnul.
  2819 | D:4      | Identified the +6 spear "Erghuahu" {vorpal, Stlth+}
  2865 | D:4      | Reached XP level 6. HP: 56/56 MP: 5/5
  3143 | D:5      | Entered Level 5 of the Dungeon
  3183 | D:5      | Noticed MeltyBlood's ghost (novice DsWz)
  3236 | D:5      | Found a runed translucent gate.
  3237 | D:5      | Found a runed translucent gate.
  3238 | D:5      | Found a runed translucent gate.
  3327 | D:5      | Found a staircase to the Ecumenical Temple.
  3338 | Temple   | Entered the Ecumenical Temple
  3812 | Temple   | Became a worshipper of the Shining One
  3839 | D:5      | Noticed an ice beast
  3844 | D:5      | Killed an ice beast
  3845 | D:5      | Reached skill level 6 in Fighting
  3845 | D:5      | Reached skill level 1 in Polearms
  3963 | D:5      | Reached skill level 5 in Shields
  3968 | D:5      | Reached XP level 7. HP: 56/63 MP: 6/6
  4169 | D:5      | Found an opulent altar of Gozag.
  4202 | D:5      | Found an iron altar of Okawaru.
  4564 | D:5      | Killed MeltyBlood's ghost
  4565 | D:5      | Reached skill level 7 in Fighting
  4777 | D:6      | Reached XP level 8. HP: 73/73 MP: 7/7
  4841 | D:6      | Reached skill level 1 in Invocations
  4905 | D:6      | Found a glowing drain.
  4920 | Sewer    | Entered a sewer
  5184 | Sewer    | Reached skill level 8 in Fighting
  5287 | D:6      | Reached skill level 5 in Polearms
  5556 | D:6      | Reached * piety under the Shining One
  5706 | D:6      | Reached XP level 9. HP: 79/82 MP: 9/11
  5985 | D:7      | Reached skill level 9 in Fighting
  6150 | D:7      | Noticed Maggie
  6166 | D:7      | HP: 4/83 [Maggie (14)]
  6167 | D:7      | Killed Maggie
  6285 | D:7      | Identified the +8 quarterstaff of Might {freeze, rF++ Will-
                  | rCorr Int+4}
  6595 | D:6      | Identified 2 scrolls of acquirement
  6595 | D:6      | Acquired 570 gold pieces
  6707 | D:7      | Reached skill level 5 in Invocations
  6710 | D:7      | Noticed Harold
  6727 | D:7      | Killed Harold
  6728 | D:7      | Reached skill level 10 in Fighting
  6743 | D:7      | Reached ** piety under the Shining One
  6981 | D:7      | Reached XP level 10. HP: 94/94 MP: 13/13
  7042 | D:7      | Found a large runed translucent door.
  7042 | D:7      | Found a large runed translucent door.
  7083 | D:7      | Noticed Pikel
  7089 | D:7      | Killed Pikel
  7508 | D:7      | Reached skill level 11 in Fighting
  7856 | D:7      | Found a hazy altar of Hepliaklqana.
  7869 | D:7      | Found a sparkling altar of Nemelex Xobeh.
  7916 | D:8      | Noticed Prince Ribbit
  7924 | D:8      | Killed Prince Ribbit
  7932 | D:8      | Found Cixaogall's Antique Armour Shop.
  8028 | D:8      | Found Daunuwk's Book Boutique.
  8083 | D:8      | Found a burning altar of Makhleb.
  8083 | D:8      | Found a bloodstained altar of Trog.
  8119 | D:8      | Found Pesoz's Antique Armour Emporium.
  8127 | D:8      | Bought a pair of embroidered boots for 202 gold pieces
  8172 | D:8      | Noticed a tengu warrior
  8172 | D:8      | Reached *** piety under the Shining One
  8173 | D:8      | Found Vuyczo's Magic Scroll Boutique.
  8180 | D:8      | Killed a tengu warrior
  8249 | D:8      | Bought a scroll of identify for 26 gold pieces
  8249 | D:8      | Bought a scroll of identify for 26 gold pieces
  8249 | D:8      | Bought a scroll of identify for 26 gold pieces
  8249 | D:8      | Bought a scroll of fear for 45 gold pieces
  8249 | D:8      | Bought a scroll of magic mapping for 45 gold pieces
  8249 | D:8      | Bought a scroll of identify for 26 gold pieces
  8350 | D:8      | Found a shadowy altar of Dithmenos.
  8584 | D:8      | Found Konuxann's Magic Scroll Shoppe.
  8588 | D:8      | Bought a scroll of enchant armour for 112 gold pieces
  8588 | D:8      | Bought 3 scrolls of enchant armour for 337 gold pieces
  8588 | D:8      | Bought a scroll of identify for 30 gold pieces
  8596 | D:8      | Acquired the +3 warlock's mirror {reflect}
  8596 | D:8      | Found the +3 warlock's mirror {reflect}
  8636 | D:9      | Found Ibrar's Antique Armour Shoppe.
  8868 | D:9      | Reached skill level 10 in Polearms
  8894 | D:9      | Reached XP level 11. HP: 98/104 MP: 16/16
  8917 | D:9      | Reached skill level 12 in Fighting
  9031 | D:9      | Found a staircase to the Lair.
  9238 | D:9      | Found Duzeps's Book Boutique.
  9280 | D:9      | Found Homaamerph's Weapon Emporium.
  9591 | D:10     | Entered Level 10 of the Dungeon
  9637 | D:10     | Noticed a two-headed ogre
  9637 | D:10     | Reached **** piety under the Shining One
  9648 | D:10     | Killed a two-headed ogre
 11119 | Lair:1   | Entered Level 1 of the Lair of Beasts
 11128 | Lair:1   | Reached skill level 1 in Evocations
 11886 | Lair:1   | Reached skill level 5 in Evocations
 11962 | Lair:1   | Found a snail-covered altar of Cheibriados.
 12011 | Lair:1   | Reached XP level 12. HP: 113/113 MP: 17/17
 12484 | Lair:2   | Noticed a five-headed hydra
 12500 | Lair:2   | Killed a five-headed hydra
 12513 | Lair:2   | Noticed Gastronok
 12528 | Lair:2   | Killed Gastronok
 12687 | Lair:2   | Found a staircase to the Swamp.
 12942 | Lair:2   | Found a runed translucent door.
 12961 | Lair:2   | Noticed Haraddelas's ghost (journeyman OpTm)
 12961 | Lair:2   | Noticed a boulder beetle
 12976 | Lair:2   | Killed Haraddelas's ghost
 12985 | Lair:2   | Killed a boulder beetle
 13323 | Lair:3   | Found a bloodstained altar of Trog.
 13323 | Lair:3   | Noticed ABBCCCDDDD's ghost (journeyman OpAK)
 13347 | Lair:3   | Found a transporter.
 13352 | Lair:3   | Found a transporter.
 13376 | Lair:3   | Noticed a five-headed hydra
 13381 | Lair:3   | Killed a five-headed hydra
 13397 | Lair:3   | Found a hole to the Spider Nest.
 13399 | Lair:3   | Noticed a boulder beetle
 13412 | Lair:3   | Reached ***** piety under the Shining One
 13428 | Lair:3   | Killed a boulder beetle
 13436 | Lair:3   | Noticed an eight-headed hydra
 13952 | Lair:3   | Noticed a boulder beetle
 13962 | Lair:3   | Reached XP level 13. HP: 118/119 MP: 18/18
 14656 | Lair:3   | Reached skill level 10 in Evocations
 15638 | Lair:3   | You fall into a shaft and drop 3 floors!
 15638 | Lair:6   | Entered Level 6 of the Lair of Beasts
 15837 | Lair:4   | Identified the +6 dagger "Edunkatz" {speed, Fly}
 16046 | Lair:4   | Reached skill level 13 in Fighting
 16332 | Lair:4   | Noticed Sonja
 16339 | Lair:4   | Killed Sonja
 16340 | Lair:4   | Reached skill level 10 in Armour
 17052 | Lair:5   | Reached skill level 10 in Invocations
 17399 | Lair:5   | Reached XP level 14. HP: 129/129 MP: 16/20
 17962 | Lair:6   | Identified the +1 leather armour of Puesoipa {rElec rC++
                  | Str-3 Dex-2}
 18060 | Lair:6   | Reached skill level 15 in Polearms
 18367 | Lair:6   | Reached skill level 14 in Fighting
 19004 | Lair:6   | Found a staircase to the Slime Pits.
 19947 | Lair:6   | Found a corrupted altar of Lugonu.
 19947 | Lair:6   | Found a one-way gate to the infinite horrors of the Abyss.
 19973 | Lair:6   | Got the Compendium of Enchantment
 21591 | D:11     | Noticed Erolcha
 21595 | D:11     | Killed Erolcha
 22023 | D:11     | Reached ****** piety under the Shining One
 22712 | Lair:3   | Killed ABBCCCDDDD's ghost
 23081 | D:12     | Noticed Urug
 23093 | D:12     | Noticed Urug
 23093 | D:12     | Urug changed into Urug the elephant
 23094 | D:12     | Killed Urug the elephant
 23134 | D:12     | Reached XP level 15. HP: 139/139 MP: 22/22
 23148 | D:12     | Found a staircase to the Orcish Mines.
 23215 | D:12     | Reached skill level 1 in Crossbows
 23221 | D:12     | Reached skill level 15 in Fighting
 24164 | Orc:1    | Entered Level 1 of the Orcish Mines
 24539 | Orc:2    | Entered Level 2 of the Orcish Mines
 25060 | Orc:2    | Found Affigiam's Antique Weapon Shop.
 25060 | Orc:2    | Found Kootebb's Magic Scroll Shop.
 25060 | Orc:2    | Found Mockenus's Book Boutique.
 25064 | Orc:2    | Found Vetuschu's General Store.
 25166 | Orc:2    | Bought a scroll of identify for 28 gold pieces
 25170 | Orc:2    | Bought a potion of might for 52 gold pieces
 25415 | Orc:2    | Found a staircase to the Elven Halls.
 25424 | Orc:2    | Found Xehuh's Distillery.
 25525 | Orc:2    | Bought a potion of heal wounds for 70 gold pieces
 25525 | Orc:2    | Bought a potion of heal wounds for 70 gold pieces
 26445 | D:13     | Noticed Maurice
 26453 | D:13     | Killed Maurice
 26760 | D:13     | Found a gate to the Vaults.
 27251 | D:14     | Reached skill level 5 in Crossbows
 27806 | D:14     | Found an ornate altar of the Wu Jian Council.
 28176 | Orc:2    | Bought the +8 lance "Wyrmbane" {slay drac, rPois rF+ rC+
                  | AC+3} for 1858 gold pieces
 28176 | Orc:2    | Found the +8 lance "Wyrmbane" {slay drac, rPois rF+ rC+
                  | AC+3}
 28558 | Spider:1 | Entered Level 1 of the Spider Nest
 28640 | Spider:1 | Acquired 1234 gold pieces
 28684 | Spider:1 | Reached skill level 16 in Fighting
 28777 | Spider:1 | Reached XP level 16. HP: 99/151 MP: 23/23
 28781 | Spider:1 | Reached skill level 10 in Shields
 29469 | Spider:1 | You fall into a shaft and drop 1 floor!
 31770 | Spider:3 | Reached skill level 1 in Dodging
 32020 | Spider:3 | Noticed Kirke
 32367 | Spider:3 | Killed Kirke
 32751 | Spider:4 | Entered Level 4 of the Spider Nest
 32885 | Spider:4 | Reached skill level 5 in Dodging
 32895 | Spider:4 | Reached skill level 17 in Fighting
 33243 | Spider:4 | HP: 5/155 [redback (8)]
 34006 | Spider:4 | Reached XP level 17. HP: 135/161 MP: 7/24
 34237 | Spider:4 | Got a gossamer rune of Zot
 34403 | Spider:4 | Identified Roxanne's Almanac of Clay
 34403 | Spider:4 | Noticed Roxanne
 34590 | Spider:4 | Found a hide-covered altar of Uskayaw.
 34887 | Swamp:1  | Entered Level 1 of the Swamp
 34958 | Swamp:1  | Noticed Josephine
 34966 | Swamp:1  | Killed Josephine
 35056 | Swamp:1  | Found a frozen archway.
 35109 | Swamp:1  | Killed by an exploding bloated husk

Illustrated notes

Levels and vault maps discovered:
D:1:      dpeg_arrival_caged_fury, layout_basic,
          shapermc_ecumenical_altar_totnotflames, st_stairs_7
D:2:      layout_rooms, serial_shops, nicolae_shop_stone, minmay_lizard_king,
          uniq_terence
D:3:      layout_rooms
D:4:      layout_gridville, mainiacjoe_overflow_cross_hatched
D:5:      layout_loops_ring, mainiacjoe_overflow_two_lobes,
          minmay_temple_entry_glassed_door, gammafunk_ghost_split
D:6:      layout_loops_ring, cheibrodos_sewer_entry_drain,
          kennysheep_minor_cross
D:7:      layout_layer_cave, jmf_multi_god_temple2, serial_undead,
          serial_undead_e, serial_undead_a, serial_undead_c, serial_undead_d,
          serial_undead_a, serial_undead_c, serial_undead_f, serial_undead_f,
          uniq_pikel, uniq_harold, uniq_maggie
D:8:      layout_gridville, gammafunk_temple_overflow_statue,
          lemuel_round_altar, serial_shops, shop, nicolae_lakefront_shop,
          nicolae_shop_window_shopping, shop, shop, uniq_prince_ribbit1
D:9:      layout_cave_pools, erik_lair_dragon, serial_shops, shop,
          nicolae_take_the_stairs, shop,
          hangedman_abyss_or_decor_jellyfish_corner,
          chequers_serial_rivers_micro_b
D:10:     layout_basic, serial_ice, serial_ice_g, serial_ice_m, serial_ice_a,
          serial_ice_i, bh_walls_and_bars
D:11:     layout_big_octagon, uniq_erolcha
D:12:     layout_irregular_city, zombieorc1_lemuel, uniq_urug
D:13:     layout_rooms, grunt_vaults_entry_fortified, uniq_maurice
D:14:     layout_basic, nicolae_wu_jian_wuxing_cycle
Temple:   minmay_temple_curvy_branch
Lair:1:   layout_regular_city, chequers_serial_rivers_large_b,
          chequers_serial_rivers_micro_e, kennysheep_snail_temple
Lair:2:   layout_cave_shapes, nicolae_swamp_entry_splash_gauntlet,
          ebering_ghost_inner_flame, infiniplex_staircase_pool, uniq_gastronok
Lair:3:   layout_regular_city, nicolae_spider_entry_non_spiders,
          gammafunk_ghost_wrathful_warriors, st_stairs_12,
          minmay_shattered_shrine
Lair:4:   layout_hall_layers, chequers_serial_rivers_marsh, minivault_23,
          grunt_megastairs_3, uniq_sonja
Lair:5:   cheibrodos_magma_flow, layout_long_grid
Lair:6:   hellmonk_lair_end_abyssal_woods, layout_loops_ring,
          minmay_slime_entry_jelly_boxes, chequers_serial_rivers_micro_b
Swamp:1:  layout_basic_swamp, portal_ice_cave_entry_pillars_2,
          hangedman_swamp_diagram, swamp_pool1, roderic_carrion_pond,
          uniq_josephine
Spider:1: layout_spider_delve, guppyfry_spider_mini_2
Spider:2: layout_spider_delve, nicolae_orb_island
Spider:3: layout_spider_delve, uniq_kirke
Spider:4: grunt_spider_rune_circles, nicolae_spider_altar_of_dancing,
          uniq_roxanne
Orc:1:    layout_diamond_mine, serial_shops, shop
Orc:2:    st_orc_mages, layout_caves, serial_shops, nicolae_shop_statue_plus

Skill      XL: |  1  2  3  4  5  6  7  8  9 10 11 12 13 14 15 16 17 |
---------------+----------------------------------------------------+-----
Fighting       | 4 5 6 7 8 10 11 12 13 14 16 17 | 17.5
Armour         | 4 5 6 7 8 10 12 13 14 | 14.5
Shields        | 4 5 7 9 11 | 11.0
Maces & Flails | 3 |  3.7
Polearms       | 1 3 5 8 10 11 13 14 15 | 15.7
Invocations    | 4 6 8 10 11 | 11.1
Evocations     | 5 9 10 11 | 11.4
Crossbows      | 6 7 |  7.8
Dodging        | 7 8 |  8.4

Action                   |  1- 3 |  4- 6 |  7- 9 | 10-12 | 13-15 | 16-18 || total
-------------------------+-------+-------+-------+-------+-------+-------++-------
Melee: Flail             |    88 |    98 |       |       |       |       ||   186
       Headbutt          |    15 |    16 |    26 |    96 |   374 |   179 ||   706
       Spear             |       |    30 |   247 |   437 |  1265 |       ||  1979
       Lance             |       |       |       |       |   124 |   699 ||   823
       Unarmed           |       |       |       |       |       |    10 ||    10
Throw: Stone             |       |       |     1 |       |       |       ||     1
Invok: Divine Shield     |       |       |       |       |     5 |     3 ||     8
       Cleansing Flame   |       |       |       |       |     2 |     3 ||     5
       Summon Divine War |       |       |       |       |     1 |       ||     1
Evoke: Lightning rod     |       |       |       |       |     4 |     1 ||     5
       Phantom mirror    |       |       |       |       |     1 |       ||     1
       Wand              |       |       |       |       |       |     5 ||     5
  Use: Potion            |       |       |     3 |     2 |     7 |    12 ||    24
       Scroll            |       |       |     5 |    19 |    13 |    12 ||    49
Armor: Scale mail        |    24 |       |       |       |       |       ||    24
       Chain mail        |    12 |    37 |    87 |   110 |   262 |       ||   508
       Plate armour      |       |       |       |       |   198 |   341 ||   539
Dodge: Dodged            |    25 |    11 |    33 |    66 |   207 |   172 ||   514
Block: Kite shield       |    66 |    80 |   165 |    38 |       |       ||   349
       Reflection        |       |    10 |     8 |    28 |    65 |    12 ||   123
       Buckler           |       |       |       |   145 |   612 |   453 ||  1210
       Other             |       |       |       |       |       |     4 ||     4
